2829 views
Uploaded 2019-12-31 00:08:06
Game version 1.32.0.4
20:37 long 3on3 ladder game on (6)BloodstoneMesa_LV
Saved by BEARAND
2829 views
Uploaded 2019-12-31 00:08:06
Game version 1.32.0.4
20:37 long 3on3 ladder game on (6)BloodstoneMesa_LV


96 units @ 8.2k
/ 0.4k
264 buildings @ 16.6k
/ 9.7k



| Staff of Sanctuary | 3 | 750 |
| Boots of Speed | 3 | 750 |
| Staff of Teleportation | 3 | 450 |
| Periapt of Vitality | 1 | 325 |
| Healing Salve | 3 | 300 |
| Orb of Lightning | 1 | 375 |
| total: | 14 | 2950g |
| Peasant | 34 | 2550 | / | 0 |
| Sorceress | 2 | 310 | / | 40 |
| total: | 36 | 2860g | / | 40w |
| Scout Tower | 71 | 2130 | / | 1420 |
| Arcane Tower | 5 | 350 | / | 250 |
| Guard Tower | 41 | 2870 | / | 2050 |
| Altar of Kings | 1 | 180 | / | 50 |
| Farm | 5 | 400 | / | 100 |
| Lumber Mill | 1 | 120 | / | 0 |
| Town Hall | 2 | 770 | / | 410 |
| Blacksmith | 1 | 140 | / | 60 |
| Barracks | 1 | 160 | / | 60 |
| Arcane Vault | 1 | 130 | / | 30 |
| Arcane Sanctum | 1 | 150 | / | 140 |
| Gryphon Aviary | 1 | 140 | / | 150 |
| Keep | 1 | 320 | / | 210 |
| Castle | 1 | 360 | / | 210 |
| total: | 85 | 4320g | / | 2420w |
| 0:02 | Peasant |
| 0:02 | Peasant |
| 0:07 | Altar of Kings |
| 0:09 | Peasant |
| 0:20 | Farm |
| 0:22 | Peasant |
| 0:40 | Scout Tower |
| 0:41 | Farm |
| 0:57 | Peasant |
| 1:07 | Lumber Mill |
| 1:22 | Peasant |
| 1:23 | Scout Tower |
| 1:25 | Scout Tower |
| 1:28 | Scout Tower |
| 1:38 | Arcane Tower |
| 1:39 | Peasant |
| 1:54 | Scout Tower |
| 1:54 | Peasant |
| 2:05 | Blizzard |
| 2:12 | Peasant |
| 2:12 | Peasant |
| 2:13 | Peasant |
| 2:29 | Peasant |
| 2:29 | Peasant |
| 2:31 | Guard Tower |
| 2:34 | Scout Tower |
| 2:36 | Peasant |
| 2:43 | Peasant |
| 2:45 | Guard Tower |
| 3:11 | Guard Tower |
| 3:12 | Scout Tower |
| 3:14 | Scout Tower |
| 4:00 | Peasant |
| 4:00 | Peasant |
| 4:07 | Peasant |
| 4:12 | Guard Tower |
| 4:12 | Arcane Tower |
| 4:13 | Scout Tower |
| 4:27 | Boots of Speed |
| 4:27 | Staff of Teleportation |
| 4:28 | Brilliance Aura |
| 4:49 | Scout Tower |
| 4:49 | Scout Tower |
| 4:51 | Scout Tower |
| 4:52 | Scout Tower |
| 4:52 | Scout Tower |
| 5:07 | Healing Salve |
| 5:19 | Keep |
| 5:22 | Farm |
| 5:22 | Farm |
| 5:49 | Guard Tower |
| 5:49 | Guard Tower |
| 5:50 | Guard Tower |
| 5:52 | Improved Masonry |
| 6:08 | Scout Tower |
| 6:09 | Scout Tower |
| 6:09 | Scout Tower |
| 6:10 | Scout Tower |
| 6:10 | Scout Tower |
| 6:11 | Scout Tower |
| 6:15 | Guard Tower |
| 6:26 | Scout Tower |
| 6:27 | Scout Tower |
| 6:44 | Guard Tower |
| 6:44 | Guard Tower |
| 7:07 | Town Hall |
| 7:08 | Guard Tower |
| 7:34 | Blizzard |
| 7:39 | Guard Tower |
| 7:40 | Scout Tower |
| 7:41 | Scout Tower |
| 7:42 | Guard Tower |
| 7:44 | Peasant |
| 8:05 | Peasant |
| 8:08 | Advanced Masonry |
| 8:13 | Healing Salve |
| 8:24 | Guard Tower |
| 8:24 | Guard Tower |
| 8:27 | Scout Tower |
| 8:36 | Scout Tower |
| 8:37 | Scout Tower |
| 8:59 | Guard Tower |
| 9:28 | Scout Tower |
| 9:45 | Guard Tower |
| 9:47 | Scout Tower |
| 9:55 | Guard Tower |
| 9:57 | Scout Tower |
| 9:58 | Scout Tower |
| 10:11 | Arcane Sanctum |
| 10:20 | Storm Bolt |
| 10:27 | Arcane Tower |
| 10:29 | Guard Tower |
| 10:35 | Scout Tower |
| 10:43 | Peasant |
| 10:44 | Peasant |
| 10:50 | Guard Tower |
| 10:56 | Guard Tower |
| 11:19 | Boots of Speed |
| 11:31 | Guard Tower |
| 11:32 | Scout Tower |
| 11:33 | Scout Tower |
| 12:01 | Peasant |
| 12:01 | Peasant |
| 12:01 | Peasant |
| 12:02 | Guard Tower |
| 12:03 | Scout Tower |
| 12:04 | Scout Tower |
| 12:05 | Scout Tower |
| 12:28 | Gryphon Aviary |
| 12:31 | Farm |
| 12:34 | Blacksmith |
| 12:41 | Town Hall |
| 12:55 | Peasant |
| 12:57 | Scout Tower |
| 12:57 | Scout Tower |
| 12:58 | Scout Tower |
| 12:58 | Scout Tower |
| 13:03 | Staff of Teleportation |
| 13:08 | Guard Tower |
| 13:10 | Guard Tower |
| 13:12 | Scout Tower |
| 13:14 | Scout Tower |
| 13:26 | Peasant |
| 13:28 | Peasant |
| 13:31 | Scout Tower |
| 13:32 | Scout Tower |
| 13:32 | Scout Tower |
| 13:33 | Scout Tower |
| 13:33 | Scout Tower |
| 13:34 | Scout Tower |
| 13:34 | Scout Tower |
| 13:35 | Scout Tower |
| 13:35 | Scout Tower |
| 13:35 | Scout Tower |
| 13:45 | Staff of Sanctuary |
| 13:50 | Arcane Tower |
| 14:05 | Improved Lumber Harvesting |
| 14:08 | Castle |
| 14:19 | Advanced Lumber Harvesting |
| 14:25 | Barracks |
| 14:29 | Peasant |
| 14:29 | Peasant |
| 14:31 | Peasant |
| 14:39 | Arcane Tower |
| 14:40 | Guard Tower |
| 14:46 | Guard Tower |
| 14:57 | Arcane Vault |
| 15:16 | Guard Tower |
| 15:19 | Peasant |
| 15:19 | Peasant |
| 15:19 | Peasant |
| 15:27 | Studded Leather Armor |
| 15:56 | Magic Sentry |
| 15:56 | Sorceress |
| 15:57 | Sorceress Adept Training |
| 15:57 | Sorceress |
| 16:14 | Bash |
| 16:31 | Scout Tower |
| 16:31 | Scout Tower |
| 16:32 | Scout Tower |
| 16:32 | Scout Tower |
| 17:09 | Staff of Sanctuary |
| 17:23 | Healing Salve |
| 17:27 | Guard Tower |
| 17:28 | Guard Tower |
| 17:34 | Guard Tower |
| 17:36 | Scout Tower |
| 17:37 | Scout Tower |
| 17:38 | Scout Tower |
| 17:38 | Scout Tower |
| 17:39 | Imbued Masonry |
| 17:44 | Holy Light |
| 17:49 | Brilliance Aura |
| 17:56 | Boots of Speed |
| 17:56 | Staff of Teleportation |
| 17:57 | Periapt of Vitality |
| 18:30 | Scout Tower |
| 18:31 | Scout Tower |
| 18:32 | Scout Tower |
| 18:32 | Scout Tower |
| 18:32 | Scout Tower |
| 18:33 | Scout Tower |
| 18:33 | Scout Tower |
| 18:37 | Cloud |
| 18:38 | Animal War Training |
| 18:39 | Reinforced Leather Armor |
| 19:02 | Guard Tower |
| 19:07 | Guard Tower |
| 19:10 | Guard Tower |
| 19:29 | Guard Tower |
| 19:41 | Scout Tower |
| 19:42 | Scout Tower |
| 19:42 | Scout Tower |
| 19:50 | Staff of Sanctuary |
| 19:55 | Orb of Lightning |
| Right click | 1832 |
| Select | 529 |
| Build/train/purchase | 257 |
| Select group | 218 |
| Use ability | 66 |
| Assign group | 13 |
| Chat | 11 |
| Misc. action | 9 |
| Resource trade | 9 |
| Remove unit | 4 |
| Minimap ping | 4 |
| Item give/drop | 2 |

| Lesser Clarity Potion | 11 | 770 |
| Healing Salve | 6 | 600 |
| Tiny Great Hall | 1 | 600 |
| Orb of Lightning | 1 | 375 |
| Potion of Healing | 1 | 150 |
| Potion of Mana | 1 | 200 |
| Boots of Speed | 1 | 250 |
| Staff of Teleportation | 1 | 150 |
| Scroll of Regeneration | 1 | 100 |
| total: | 24 | 3195g |
| Peon | 20 | 1500 | / | 0 |
| Troll Batrider | 9 | 1440 | / | 360 |
| total: | 29 | 2940g | / | 360w |
| Watch Tower | 42 | 4620 | / | 3360 |
| Altar of Storms | 1 | 180 | / | 50 |
| Orc Burrow | 3 | 480 | / | 120 |
| War Mill | 2 | 410 | / | 0 |
| Voodoo Lounge | 2 | 260 | / | 60 |
| Great Hall | 1 | 385 | / | 185 |
| Beastiary | 3 | 435 | / | 420 |
| Stronghold | 1 | 315 | / | 190 |
| Fortress | 1 | 325 | / | 190 |
| total: | 54 | 6770g | / | 4195w |
| 0:03 | Peon |
| 0:03 | Peon |
| 0:08 | Altar of Storms |
| 0:12 | Orc Burrow |
| 0:14 | Peon |
| 0:38 | Peon |
| 0:49 | War Mill |
| 0:56 | Peon |
| 1:11 | Peon |
| 1:14 | Peon |
| 1:18 | Peon |
| 1:53 | Peon |
| 1:56 | Orc Burrow |
| 2:01 | Watch Tower |
| 2:09 | Wind Walk |
| 2:12 | Voodoo Lounge |
| 2:20 | Peon |
| 2:25 | Watch Tower |
| 2:46 | Watch Tower |
| 2:52 | Peon |
| 2:52 | Peon |
| 3:07 | Watch Tower |
| 3:23 | Watch Tower |
| 3:26 | Lesser Clarity Potion |
| 3:26 | Lesser Clarity Potion |
| 3:26 | Healing Salve |
| 3:29 | Healing Salve |
| 3:38 | Watch Tower |
| 4:03 | Watch Tower |
| 4:07 | Watch Tower |
| 4:12 | Peon |
| 4:14 | Watch Tower |
| 4:15 | Watch Tower |
| 4:44 | Stronghold |
| 5:16 | Watch Tower |
| 5:16 | Watch Tower |
| 5:27 | Watch Tower |
| 5:52 | Voodoo Lounge |
| 6:07 | Critical Strike |
| 6:16 | Watch Tower |
| 6:18 | Watch Tower |
| 6:47 | Great Hall |
| 7:10 | Peon |
| 7:11 | Peon |
| 7:13 | Reinforced Defenses |
| 7:21 | Peon |
| 7:22 | Peon |
| 7:30 | Watch Tower |
| 7:44 | Watch Tower |
| 8:05 | Watch Tower |
| 8:16 | Watch Tower |
| 8:25 | Lesser Clarity Potion |
| 8:25 | Healing Salve |
| 8:43 | Fortress |
| 8:46 | Watch Tower |
| 9:03 | Lesser Clarity Potion |
| 9:29 | Watch Tower |
| 9:43 | Wind Walk |
| 9:49 | Boots of Speed |
| 9:50 | Staff of Teleportation |
| 9:52 | Watch Tower |
| 9:57 | Watch Tower |
| 9:58 | Watch Tower |
| 9:58 | Watch Tower |
| 9:59 | Watch Tower |
| 10:13 | Lesser Clarity Potion |
| 10:14 | Healing Salve |
| 10:16 | Scroll of Regeneration |
| 10:36 | Watch Tower |
| 10:40 | Watch Tower |
| 10:57 | Watch Tower |
| 11:26 | Lesser Clarity Potion |
| 11:41 | Tiny Great Hall |
| 11:55 | Watch Tower |
| 11:56 | Watch Tower |
| 12:00 | Beastiary |
| 12:02 | Beastiary |
| 12:09 | Orc Burrow |
| 12:17 | Peon |
| 12:48 | Watch Tower |
| 13:07 | Lesser Clarity Potion |
| 13:11 | Troll Batrider |
| 13:13 | Beastiary |
| 13:24 | Watch Tower |
| 13:24 | Watch Tower |
| 13:31 | Lesser Clarity Potion |
| 13:45 | Orb of Lightning |
| 13:58 | Watch Tower |
| 13:59 | Watch Tower |
| 14:30 | Troll Batrider |
| 14:31 | Troll Batrider |
| 14:40 | Watch Tower |
| 14:40 | Watch Tower |
| 14:53 | Peon |
| 14:53 | Peon |
| 14:55 | War Mill |
| 15:04 | Troll Batrider |
| 15:33 | Critical Strike |
| 15:39 | Troll Batrider |
| 16:13 | Troll Batrider |
| 16:31 | Troll Batrider |
| 16:34 | Lesser Clarity Potion |
| 16:36 | Healing Salve |
| 17:13 | Potion of Healing |
| 17:14 | Potion of Mana |
| 17:45 | Lesser Clarity Potion |
| 19:15 | Wind Walk |
| 19:29 | Troll Batrider |
| 19:31 | Troll Batrider |
| 19:32 | Liquid Fire |
| 19:35 | Watch Tower |
| 19:36 | Watch Tower |
| 19:36 | Watch Tower |
| 19:37 | Watch Tower |
| 19:40 | Lesser Clarity Potion |
| 19:44 | Healing Salve |
| Right click | 1146 |
| Select group | 361 |
| Select | 155 |
| Build/train/purchase | 140 |
| Assign group | 60 |
| Use ability | 46 |
| Item give/drop | 20 |
| Misc. action | 15 |
| Resource trade | 8 |
| Chat | 4 |
| Esc | 1 |
TIMG4STRok
(20:36) : 


| Lesser Clarity Potion | 1 | 70 |
| Potion of Healing | 1 | 150 |
| Staff of Sanctuary | 3 | 750 |
| Staff of Teleportation | 3 | 450 |
| Boots of Speed | 3 | 750 |
| Periapt of Vitality | 2 | 650 |
| Healing Salve | 1 | 100 |
| Orb of Lightning | 1 | 375 |
| total: | 15 | 3295g |
| Peasant | 30 | 2250 | / | 0 |
| Priest | 1 | 135 | / | 10 |
| total: | 31 | 2385g | / | 10w |
| Scout Tower | 111 | 3330 | / | 2220 |
| Arcane Tower | 3 | 210 | / | 150 |
| Guard Tower | 40 | 2800 | / | 2000 |
| Altar of Kings | 1 | 180 | / | 50 |
| Farm | 4 | 320 | / | 80 |
| Lumber Mill | 1 | 120 | / | 0 |
| Town Hall | 2 | 770 | / | 410 |
| Arcane Vault | 5 | 650 | / | 150 |
| Arcane Sanctum | 1 | 150 | / | 140 |
| Keep | 1 | 320 | / | 210 |
| Castle | 1 | 360 | / | 210 |
| total: | 125 | 5520g | / | 3050w |
| 0:04 | Peasant |
| 0:04 | Peasant |
| 0:06 | Altar of Kings |
| 0:11 | Farm |
| 0:23 | Peasant |
| 0:36 | Peasant |
| 0:47 | Lumber Mill |
| 0:49 | Peasant |
| 0:56 | Scout Tower |
| 0:58 | Peasant |
| 1:07 | Farm |
| 1:10 | Peasant |
| 1:17 | Peasant |
| 1:27 | Arcane Tower |
| 1:36 | Scout Tower |
| 1:44 | Peasant |
| 1:52 | Peasant |
| 2:01 | Farm |
| 2:06 | Blizzard |
| 2:07 | Guard Tower |
| 2:08 | Scout Tower |
| 2:12 | Peasant |
| 2:37 | Guard Tower |
| 3:18 | Brilliance Aura |
| 3:34 | Peasant |
| 3:34 | Peasant |
| 3:34 | Peasant |
| 3:49 | Town Hall |
| 3:58 | Peasant |
| 3:58 | Peasant |
| 4:10 | Peasant |
| 4:17 | Staff of Teleportation |
| 4:17 | Boots of Speed |
| 4:17 | Periapt of Vitality |
| 4:31 | Scout Tower |
| 4:43 | Scout Tower |
| 4:44 | Scout Tower |
| 4:45 | Scout Tower |
| 4:50 | Peasant |
| 5:07 | Guard Tower |
| 5:08 | Scout Tower |
| 5:14 | Guard Tower |
| 5:15 | Arcane Tower |
| 5:15 | Guard Tower |
| 5:20 | Peasant |
| 5:20 | Peasant |
| 5:38 | Guard Tower |
| 5:39 | Scout Tower |
| 5:41 | Peasant |
| 5:41 | Peasant |
| 5:44 | Scout Tower |
| 5:58 | Scout Tower |
| 6:14 | Guard Tower |
| 6:16 | Scout Tower |
| 6:22 | Scout Tower |
| 6:23 | Scout Tower |
| 6:26 | Guard Tower |
| 6:36 | Keep |
| 6:47 | Guard Tower |
| 6:53 | Peasant |
| 6:54 | Peasant |
| 7:00 | Guard Tower |
| 7:05 | Scout Tower |
| 7:18 | Guard Tower |
| 7:22 | Scout Tower |
| 7:24 | Scout Tower |
| 7:25 | Scout Tower |
| 7:27 | Scout Tower |
| 7:28 | Scout Tower |
| 7:29 | Scout Tower |
| 7:39 | Blizzard |
| 7:42 | Farm |
| 7:50 | Arcane Vault |
| 7:51 | Arcane Vault |
| 7:55 | Guard Tower |
| 8:04 | Healing Salve |
| 8:05 | Lesser Clarity Potion |
| 8:13 | Potion of Healing |
| 8:24 | Guard Tower |
| 8:29 | Scout Tower |
| 8:30 | Scout Tower |
| 8:30 | Scout Tower |
| 8:31 | Scout Tower |
| 8:32 | Scout Tower |
| 8:32 | Scout Tower |
| 9:01 | Castle |
| 9:04 | Improved Lumber Harvesting |
| 9:07 | Guard Tower |
| 9:18 | Guard Tower |
| 9:23 | Guard Tower |
| 9:45 | Arcane Sanctum |
| 9:56 | Storm Bolt |
| 9:58 | Guard Tower |
| 10:03 | Peasant |
| 10:03 | Peasant |
| 10:04 | Peasant |
| 10:29 | Arcane Vault |
| 10:29 | Arcane Vault |
| 10:34 | Staff of Teleportation |
| 10:34 | Boots of Speed |
| 10:38 | Periapt of Vitality |
| 10:45 | Guard Tower |
| 10:50 | Scout Tower |
| 10:51 | Scout Tower |
| 10:53 | Scout Tower |
| 10:54 | Scout Tower |
| 10:54 | Scout Tower |
| 10:55 | Scout Tower |
| 11:02 | Improved Masonry |
| 11:03 | Magic Sentry |
| 11:05 | Scout Tower |
| 11:05 | Scout Tower |
| 11:07 | Scout Tower |
| 11:16 | Scout Tower |
| 11:16 | Scout Tower |
| 11:23 | Peasant |
| 11:23 | Peasant |
| 11:28 | Guard Tower |
| 11:36 | Arcane Vault |
| 11:41 | Staff of Sanctuary |
| 11:43 | Orb of Lightning |
| 11:52 | Guard Tower |
| 11:53 | Guard Tower |
| 11:55 | Guard Tower |
| 11:58 | Scout Tower |
| 12:00 | Scout Tower |
| 12:02 | Scout Tower |
| 12:29 | Holy Light |
| 12:32 | Guard Tower |
| 12:34 | Scout Tower |
| 12:35 | Scout Tower |
| 12:36 | Scout Tower |
| 12:37 | Scout Tower |
| 12:38 | Scout Tower |
| 12:38 | Scout Tower |
| 12:40 | Bash |
| 12:45 | Scout Tower |
| 12:46 | Scout Tower |
| 12:46 | Scout Tower |
| 13:01 | Advanced Masonry |
| 13:02 | Advanced Lumber Harvesting |
| 13:05 | Guard Tower |
| 13:06 | Guard Tower |
| 13:07 | Guard Tower |
| 13:09 | Guard Tower |
| 13:11 | Scout Tower |
| 13:12 | Scout Tower |
| 13:12 | Scout Tower |
| 13:13 | Scout Tower |
| 13:13 | Scout Tower |
| 13:14 | Scout Tower |
| 13:59 | Scout Tower |
| 13:59 | Scout Tower |
| 14:00 | Scout Tower |
| 14:00 | Scout Tower |
| 14:01 | Scout Tower |
| 14:01 | Scout Tower |
| 14:10 | Staff of Sanctuary |
| 14:16 | Guard Tower |
| 14:26 | Guard Tower |
| 14:28 | Arcane Tower |
| 14:33 | Scout Tower |
| 14:33 | Scout Tower |
| 14:34 | Scout Tower |
| 14:35 | Scout Tower |
| 14:35 | Scout Tower |
| 14:36 | Scout Tower |
| 14:45 | Boots of Speed |
| 14:51 | Town Hall |
| 14:57 | Scout Tower |
| 14:58 | Scout Tower |
| 15:01 | Scout Tower |
| 15:02 | Scout Tower |
| 15:05 | Staff of Teleportation |
| 15:17 | Guard Tower |
| 15:22 | Guard Tower |
| 15:29 | Guard Tower |
| 16:30 | Guard Tower |
| 16:39 | Priest |
| 16:40 | Priest Adept Training |
| 17:03 | Guard Tower |
| 17:12 | Staff of Sanctuary |
| 17:43 | Scout Tower |
| 17:43 | Scout Tower |
| 17:44 | Scout Tower |
| 17:44 | Scout Tower |
| 17:45 | Scout Tower |
| 17:54 | Scout Tower |
| 17:54 | Scout Tower |
| 17:56 | Scout Tower |
| 17:56 | Scout Tower |
| 17:57 | Scout Tower |
| 18:00 | Scout Tower |
| 18:01 | Scout Tower |
| 18:02 | Scout Tower |
| 18:03 | Scout Tower |
| 18:03 | Scout Tower |
| 18:04 | Scout Tower |
| 18:05 | Scout Tower |
| 18:05 | Scout Tower |
| 18:18 | Brilliance Aura |
| 18:38 | Guard Tower |
| 18:39 | Priest Master Training |
| 18:43 | Guard Tower |
| 18:45 | Peasant |
| 19:03 | Guard Tower |
| 19:06 | Scout Tower |
| 19:07 | Scout Tower |
| 19:08 | Scout Tower |
| 19:11 | Scout Tower |
| 19:12 | Scout Tower |
| 19:13 | Divine Shield |
| 19:57 | Guard Tower |
| 20:00 | Scout Tower |
| 20:01 | Scout Tower |
| 20:01 | Scout Tower |
| 20:01 | Scout Tower |
| 20:02 | Scout Tower |
| 20:02 | Scout Tower |
| 20:02 | Scout Tower |
| 20:04 | Storm Bolt |
| 20:19 | Scout Tower |
| 20:19 | Scout Tower |
| 20:20 | Scout Tower |
| 20:21 | Scout Tower |
| 20:21 | Scout Tower |
| 20:21 | Scout Tower |
| 20:31 | Scout Tower |
| 20:32 | Scout Tower |
| 20:33 | Scout Tower |
| 20:34 | Guard Tower |
| Right click | 1162 |
| Select group | 729 |
| Select | 257 |
| Build/train/purchase | 150 |
| Use ability | 66 |
| Misc. action | 60 |
| Assign group | 10 |
| Item give/drop | 6 |
| Resource trade | 5 |
| Minimap ping | 4 |
95 units @ 14.2k
/ 1.7k
59 buildings @ 8.3k
/ 3.3k



| Healing Salve | 2 | 200 |
| Potion of Healing | 2 | 300 |
| Potion of Mana | 2 | 400 |
| Dust of Appearance | 1 | 75 |
| Periapt of Vitality | 1 | 325 |
| Potion of Lesser Invulnerability | 1 | 150 |
| total: | 9 | 1450g |
| Peon | 12 | 900 | / | 0 |
| Grunt | 8 | 1600 | / | 0 |
| Demolisher | 8 | 1760 | / | 400 |
| total: | 28 | 4260g | / | 400w |
| Altar of Storms | 1 | 180 | / | 50 |
| Orc Burrow | 8 | 1280 | / | 320 |
| Barracks | 2 | 360 | / | 100 |
| Voodoo Lounge | 1 | 130 | / | 30 |
| War Mill | 1 | 205 | / | 0 |
| Great Hall | 1 | 385 | / | 185 |
| Stronghold | 1 | 315 | / | 190 |
| Fortress | 1 | 325 | / | 190 |
| total: | 14 | 2540g | / | 685w |
| 0:01 | Peon |
| 0:05 | Altar of Storms |
| 0:08 | Peon |
| 0:15 | Orc Burrow |
| 0:22 | Peon |
| 0:39 | Barracks |
| 0:44 | Peon |
| 1:12 | Peon |
| 1:22 | Peon |
| 1:39 | Peon |
| 1:41 | Grunt |
| 1:46 | Orc Burrow |
| 2:04 | Feral Spirit |
| 2:13 | Pillage |
| 2:41 | Stronghold |
| 2:45 | Grunt |
| 3:00 | Voodoo Lounge |
| 3:09 | Grunt |
| 3:38 | Grunt |
| 4:02 | Chain Lighting |
| 4:14 | Healing Salve |
| 4:23 | War Mill |
| 5:06 | Orc Burrow |
| 5:10 | Fortress |
| 5:50 | Berserker Strength |
| 5:53 | Steel Armor |
| 5:58 | Feral Spirit |
| 6:18 | Healing Salve |
| 6:24 | Potion of Healing |
| 6:27 | Potion of Mana |
| 6:43 | Grunt |
| 7:03 | Barracks |
| 7:11 | War Stomp |
| 7:35 | Burning Oil |
| 7:39 | Steel Ranged Weapons |
| 8:25 | Demolisher |
| 8:49 | Demolisher |
| 8:59 | Healing Wave |
| 9:16 | Orc Burrow |
| 9:21 | Orc Burrow |
| 9:51 | Great Hall |
| 10:11 | Demolisher |
| 11:29 | Demolisher |
| 11:32 | Thorium Armor |
| 12:46 | Peon |
| 12:46 | Peon |
| 12:46 | Peon |
| 12:46 | Peon |
| 13:05 | Thorium Ranged Weapons |
| 13:14 | Grunt |
| 13:30 | Orc Burrow |
| 13:56 | Peon |
| 14:21 | Periapt of Vitality |
| 14:26 | Potion of Lesser Invulnerability |
| 14:29 | Dust of Appearance |
| 14:57 | Grunt |
| 14:59 | Orc Burrow |
| 15:00 | Orc Burrow |
| 15:06 | Potion of Healing |
| 15:06 | Potion of Mana |
| 15:27 | Demolisher |
| 15:46 | Arcanite Armor |
| 16:26 | Grunt |
| 16:53 | Demolisher |
| 17:12 | Demolisher |
| 17:58 | Demolisher |
| 18:34 | Endurance Aura |
| Right click | 908 |
| Select group | 469 |
| Select | 339 |
| Build/train/purchase | 91 |
| Assign group | 43 |
| Chat | 27 |
| Use ability | 22 |
| Minimap ping | 6 |
| Misc. action | 5 |
| Resource trade | 5 |
| Item give/drop | 2 |
| Remove unit | 1 |



| Rod of Necromancy | 1 | 150 |
| total: | 1 | 150g |
| Acolyte | 8 | 600 | / | 0 |
| Ghoul | 3 | 360 | / | 0 |
| Crypt Fiend | 6 | 1290 | / | 240 |
| Obsidian Statue | 7 | 1400 | / | 245 |
| Meat Wagon | 2 | 460 | / | 100 |
| Abomination | 4 | 960 | / | 280 |
| total: | 30 | 5070g | / | 865w |
| Crypt | 1 | 200 | / | 50 |
| Altar of Darkness | 1 | 180 | / | 50 |
| Ziggurat | 9 | 1350 | / | 450 |
| Graveyard | 2 | 430 | / | 0 |
| Tomb of Relics | 1 | 130 | / | 30 |
| Slaughterhouse | 2 | 280 | / | 270 |
| Halls of the Dead | 1 | 320 | / | 210 |
| Black Citadel | 1 | 325 | / | 230 |
| total: | 16 | 2570g | / | 850w |
| 0:04 | Acolyte |
| 0:04 | Acolyte |
| 0:21 | Crypt |
| 0:23 | Altar of Darkness |
| 0:32 | Ziggurat |
| 0:57 | Graveyard |
| 1:18 | Tomb of Relics |
| 1:22 | Ghoul |
| 1:35 | Ghoul |
| 1:51 | Ziggurat |
| 2:18 | Crypt Fiend |
| 2:27 | Death Coil |
| 2:28 | Rod of Necromancy |
| 3:06 | Halls of the Dead |
| 3:28 | Crypt Fiend |
| 3:49 | Crypt Fiend |
| 3:55 | Ziggurat |
| 4:22 | Unholy Aura |
| 4:29 | Crypt Fiend |
| 4:32 | Creature Attack |
| 5:44 | Slaughterhouse |
| 5:50 | Slaughterhouse |
| 6:12 | Web |
| 6:16 | Ghoul |
| 6:36 | Ziggurat |
| 6:43 | Frost Nova |
| 7:00 | Obsidian Statue |
| 7:09 | Acolyte |
| 7:20 | Death Coil |
| 7:36 | Obsidian Statue |
| 7:38 | Black Citadel |
| 8:29 | Meat Wagon |
| 8:32 | Unholy Strength |
| 9:37 | Ziggurat |
| 10:06 | Unholy Armor |
| 10:14 | Graveyard |
| 10:46 | Improved Unholy Strength |
| 10:55 | Destroyer Form |
| 11:35 | Obsidian Statue |
| 11:43 | Acolyte |
| 11:58 | Acolyte |
| 11:58 | Acolyte |
| 12:11 | Ziggurat |
| 12:22 | Impale |
| 12:27 | Frost Armor |
| 13:03 | Ziggurat |
| 13:04 | Ziggurat |
| 13:06 | Ziggurat |
| 13:10 | Acolyte |
| 13:10 | Acolyte |
| 13:42 | Meat Wagon |
| 13:53 | Creature Carapace |
| 13:57 | Improved Creature Attack |
| 14:01 | Advanced Creature Attack |
| 14:15 | Crypt Fiend |
| 14:22 | Improved Unholy Armor |
| 14:48 | Obsidian Statue |
| 14:51 | Obsidian Statue |
| 14:56 | Crypt Fiend |
| 18:40 | Obsidian Statue |
| 18:41 | Obsidian Statue |
| 18:42 | Abomination |
| 18:47 | Abomination |
| 18:48 | Abomination |
| 18:48 | Abomination |
| Right click | 767 |
| Select group | 476 |
| Select | 213 |
| Build/train/purchase | 73 |
| Assign group | 23 |
| Use ability | 20 |
| Misc. action | 13 |
| Remove unit | 3 |
⇛
BruisedLung
(5)
(20:31) : 


| Scroll of Regeneration | 3 | 300 |
| Lesser Clarity Potion | 1 | 70 |
| Potion of Healing | 1 | 150 |
| Potion of Mana | 1 | 200 |
| total: | 6 | 720g |
| Peasant | 18 | 1350 | / | 0 |
| Footman | 5 | 675 | / | 0 |
| Rifleman | 2 | 410 | / | 60 |
| Dragonhawk Rider | 12 | 2400 | / | 360 |
| total: | 37 | 4835g | / | 420w |
| Scout Tower | 5 | 150 | / | 100 |
| Arcane Tower | 2 | 140 | / | 100 |
| Guard Tower | 3 | 210 | / | 150 |
| Altar of Kings | 1 | 180 | / | 50 |
| Farm | 10 | 800 | / | 200 |
| Barracks | 2 | 320 | / | 120 |
| Arcane Vault | 1 | 130 | / | 30 |
| Blacksmith | 1 | 140 | / | 60 |
| Town Hall | 1 | 385 | / | 205 |
| Lumber Mill | 1 | 120 | / | 0 |
| Arcane Sanctum | 1 | 150 | / | 140 |
| Workshop | 1 | 140 | / | 140 |
| Gryphon Aviary | 5 | 700 | / | 750 |
| Keep | 1 | 320 | / | 210 |
| Castle | 1 | 360 | / | 210 |
| total: | 29 | 3215g | / | 1795w |
| 0:04 | Peasant |
| 0:04 | Peasant |
| 0:04 | Peasant |
| 0:10 | Altar of Kings |
| 0:20 | Farm |
| 0:23 | Barracks |
| 0:49 | Peasant |
| 0:55 | Farm |
| 1:00 | Peasant |
| 1:01 | Peasant |
| 1:16 | Peasant |
| 1:24 | Footman |
| 1:29 | Farm |
| 1:34 | Peasant |
| 1:44 | Footman |
| 2:01 | Peasant |
| 2:06 | Footman |
| 2:11 | Summon Water Elemental |
| 2:18 | Peasant |
| 2:30 | Footman |
| 2:35 | Farm |
| 2:46 | Peasant |
| 3:34 | Keep |
| 3:37 | Defend |
| 4:20 | Arcane Vault |
| 4:22 | Brilliance Aura |
| 5:05 | Footman |
| 5:39 | Scroll of Regeneration |
| 5:39 | Scroll of Regeneration |
| 5:43 | Lesser Clarity Potion |
| 5:51 | Blacksmith |
| 6:02 | Town Hall |
| 6:24 | Barracks |
| 6:30 | Scout Tower |
| 7:17 | Summon Water Elemental |
| 7:19 | Scroll of Regeneration |
| 7:19 | Potion of Healing |
| 7:19 | Potion of Mana |
| 7:33 | Arcane Sanctum |
| 7:39 | Storm Bolt |
| 7:43 | Arcane Tower |
| 7:44 | Peasant |
| 7:44 | Peasant |
| 7:57 | Rifleman |
| 7:57 | Rifleman |
| 8:40 | Lumber Mill |
| 9:30 | Castle |
| 9:36 | Scout Tower |
| 10:06 | Workshop |
| 10:09 | Improved Lumber Harvesting |
| 10:46 | Gryphon Aviary |
| 10:56 | Gryphon Aviary |
| 10:59 | Scout Tower |
| 11:02 | Scout Tower |
| 11:33 | Peasant |
| 11:56 | Advanced Lumber Harvesting |
| 12:22 | Dragonhawk Rider |
| 12:27 | Guard Tower |
| 12:46 | Peasant |
| 12:46 | Peasant |
| 13:18 | Scout Tower |
| 13:23 | Cloud |
| 13:28 | Farm |
| 13:28 | Farm |
| 13:31 | Arcane Tower |
| 13:32 | Guard Tower |
| 13:34 | Improved Masonry |
| 13:51 | Guard Tower |
| 14:05 | Holy Light |
| 14:15 | Dragonhawk Rider |
| 14:28 | Peasant |
| 14:28 | Peasant |
| 14:32 | Farm |
| 14:34 | Farm |
| 14:45 | Dragonhawk Rider |
| 15:22 | Farm |
| 15:23 | Farm |
| 16:16 | Dragonhawk Rider |
| 16:16 | Dragonhawk Rider |
| 17:11 | Dragonhawk Rider |
| 17:11 | Dragonhawk Rider |
| 18:40 | Dragonhawk Rider |
| 18:40 | Dragonhawk Rider |
| 19:13 | Dragonhawk Rider |
| 19:13 | Dragonhawk Rider |
| 19:14 | Dragonhawk Rider |
| 19:15 | Gryphon Aviary |
| 19:16 | Gryphon Aviary |
| 19:18 | Gryphon Aviary |
| Right click | 1310 |
| Select | 439 |
| Select group | 414 |
| Build/train/purchase | 99 |
| Assign group | 62 |
| Resource trade | 26 |
| Misc. action | 17 |
| Use ability | 17 |
| Minimap ping | 6 |
| Remove unit | 2 |
| Esc | 1 |